 Dungeon Crawl Stone Soup version 0.22-a0-422-g9628fc8 (webtiles) character file.

216 KristoblXynda the Cudgeler (level 5, -15/45 HPs)
             Began as a Naga Gladiator on May 22, 2018.
             Demolished by an ogre
             ... wielding a +0 giant spiked club
              (20 damage)
             ... on level 3 of the Dungeon.
             The game lasted 00:04:55 (2485 turns).

KristoblXynda the Cudgeler (Naga Gladiator)         Turns: 2485, Time: 00:04:55

Health: -15/45     AC:  4    Str: 16    XL:     5   Next: 93%
Magic:  5/5        EV: 25    Int:  9    God:
Gold:   81         SH:  0    Dex: 13    Spells: 4/4 levels left

rFire    . . .     SeeInvis +   n - +0 whip
rCold    . . .     Gourm    .   (no shield)
rNeg     . . .     Faith    .   b - +0 leather armour
rPois    +         Spirit   .   c - +0 helmet
rElec    .         Reflect  .   (no cloak)
rCorr    .         Harm     .   (no gloves)
MR       .....                  (no barding)
Stlth    ++........             a - amulet of the acrobat
HPRegen  0.15/turn              (no ring)
MPRegen  0.09/turn              (no ring)

@: very slow
A: large, see invisible, deformed body, poison resistance, slowness 2, slow
metabolism 1, spit poison 1, AC +1
a: Spit Poison


You were on level 3 of the Dungeon.
You were not hungry.

You visited 1 branch of the dungeon, and saw 4 of its levels.

You collected 81 gold pieces.

Inventory:

Hand Weapons
 n - a +0 whip (weapon)
Missiles
 d - 3 throwing nets (quivered)
Armour
 b - a +0 leather armour (worn)
 c - a +0 helmet (worn)
Jewellery
 a - an amulet of the acrobat (around neck)
Wands
 q - a wand of flame (30)
 v - a wand of random effects (28)
Scrolls
 e - 2 scrolls of identify {unknown}
 g - 2 scrolls of amnesia {unknown}
 h - a scroll of blinking {unknown}
 j - 3 scrolls of fog {unknown}
 k - 4 scrolls of teleportation {unknown}
 l - 3 scrolls of remove curse {unknown}
 m - 2 scrolls of magic mapping {unknown}
 p - a scroll of enchant weapon {unknown}
 t - a scroll of random uselessness {unknown}
 u - a scroll of noise {unknown}
Potions
 i - a potion of curing {unknown}
 o - 2 potions of haste {unknown}
 r - a potion of lignification {unknown}
 s - a potion of mutation {unknown}
Comestibles
 f - 9 rations


   Skills:
 - Level 2.0 Fighting
 * Level 4.5 Maces & Flails
 - Level 2.0 Throwing
 + Level 1.9 Armour
 - Level 3.0 Dodging
 + Level 3.9 Stealth


You had 4 spell levels left.
You didn't know any spells.
Your spell library was empty.

Dungeon Overview and Level Annotations

Branches:
Dungeon (4/15)
 Temple: D:4-7

Altars:
Wu Jian


Innate Abilities, Weirdness & Mutations

You cannot wear boots.
Your serpentine skin is tough. (AC +1)
You have supernaturally acute eyesight. (SInv)
Armour fits poorly on your strangely shaped body.
Your system is resistant to poisons. (rPois)
You cover ground very slowly.
You have a slow metabolism.
You can spit poison.


Message History

The ogre struggles against the net.
You hit the ogre but do no damage.
The ogre is severely wounded.
You have got your breath back.
The ogre struggles against the net.
The net rips apart, and the ogre comes free!
Press: ? - help, Shift-Dir - straight line, f/p - ogre
Aim: an ogre, wielding a giant spiked club (severely wounded, poisoned)
The splash of poison hits the ogre.
The ogre is severely wounded.
You feel slightly more hungry.
The ogre hits you with a giant spiked club!
* * * LOW HITPOINT WARNING * * *
The ogre looks more healthy.
You barely miss the ogre.
The ogre is severely wounded.
The ogre barely misses you.
You have got your breath back.
The ogre hits you with a giant spiked club!!
You die...

#. #......
.....#
###....####
#.........##
#.......<..
....... #...#
############...#
.#
#.....@O.......#
..#
#)###########.##
#.# #.# #.# #.#
#.# #.# #.# #.#
#.# #.# #.# #.#
####.#####.# #.#
##..........# .#
...(.....####


You could see an ogre.

Vanquished Creatures
  An ogre (D:4)
  A worker ant (D:2)
  6 adders (D:2)
  A gnoll (D:1)
  A worm (D:3)
  4 leopard geckos
  4 bats (D:2)
  2 giant cockroaches
  7 goblins
  2 hobgoblins
  3 jackals (D:2)
  A quokka (D:2)
  8 frilled lizards
  5 kobolds
  4 rats
50 creatures vanquished.

Notes
Turn   | Place    | Note
-------+----------+-------------------------------------------
     0 | D:1      | KristoblXynda the Naga Gladiator began the quest for the Orb.
     0 | D:1      | Reached XP level 1. HP: 19/19 MP: 1/1
   108 | D:1      | Reached XP level 2. HP: 10/26 MP: 2/2
   435 | D:1      | Reached skill level 1 in Stealth
   910 | D:2      | Reached XP level 3. HP: 32/32 MP: 3/3
  1054 | D:2      | Reached skill level 1 in Armour
  1068 | D:2      | Reached XP level 4. HP: 16/39 MP: 4/4
  1737 | D:2      | Reached skill level 4 in Maces & Flails
  1737 | D:2      | Reached XP level 5. HP: 37/45 MP: 5/5
  1989 | D:3      | Found an ornate altar of the Wu Jian Council.
  2168 | D:3      | You fall through a shaft!
  2239 | D:4      | Noticed an ogre
  2263 | D:4      | Killed an ogre
  2465 | D:3      | Noticed an ogre
  2485 | D:3      | Demolished by an ogre

Vault maps used:
D:1:      onia_arrival_mini_spirals
D:3:      old_standard_altar
D:4:      nicolae_overflow_crystal_walls, minmay_temple_entry_nine_rooms

Skill      XL: |  1  2  3  4 |
---------------+-------------+-----
Throwing       | 2 |  2.0
Stealth        | 1 2 3 |  3.9
Armour         | 1 |  1.9
Dodging        | 3 |  3.0
Maces & Flails | 4 |  4.5
Fighting       | |  2.0

Action                   |  1- 3 |  4- 6 || total
-------------------------+-------+-------++-------
Melee: Flail             |    39 |       ||    39
       Whip              |    61 |    77 ||   138
Throw: Throwing net      |       |     3 ||     3
 Abil: Spit Poison       |     5 |    16 ||    21
  Use: Potion            |       |     2 ||     2
 Stab: Sleeping          |     1 |       ||     1
  Eat: Chunk             |       |     5 ||     5
Armor: Leather armour    |    34 |     9 ||    43
Dodge: Dodged            |    55 |    57 ||   112

Table legend:
 A = Spawn XP
 B = Non-spawn XP
 C = Spawn XP percentage of total XP
 D = Spawn monster count
 E = Non-spawn monster count
 F = Spawn count percentage of total count
 G = Total turns spent on level
                    A         B        C        D         E        F      G
               +---------+---------+-------+---------+---------+-------+---------
         Total |       0 |     309 |   0.0 |       0 |      50 |   0.0 |  2485
               +---------+---------+-------+---------+---------+-------+---------
           D:1 |       0 |      33 |   0.0 |       0 |      13 |   0.0 |   896
           D:2 |       0 |     150 |   0.0 |       0 |      28 |   0.0 |   960
           D:3 |       0 |      13 |   0.0 |       0 |       6 |   0.0 |   421
           D:4 |       0 |     113 |   0.0 |       0 |       3 |   0.0 |   208
               +---------+---------+-------+---------+---------+-------+---------
